[Event "*** Titled Tuesday Blitz"]
[Site "Chess.com"]
[Date "2020.12.29"]
[Round "7"]
[White "ftorodent"]
[Black "Chessmatus"]
[Result "1-0"]
[WhiteElo "2640"]
[BlackElo "2456"]
[TimeControl "180+1"]
[EndTime "11:16:33 PST"]
[Termination "ftorodent won by resignation"]

1. d4 Nf6 2. c4 g6 3. Nc3 d5 4. Nf3 Bg7 5. cxd5 Nxd5 6. Bg5 Nxc3 7. bxc3 c5 8. e3 O-O 9. Qd2 Nc6 10. Be2 Qa5 11.
Rb1 cxd4 12. cxd4 Qxd2+ 13. Nxd2 h6 14. Bh4 a5 15. a3 g5 16. Bg3 a4 17. Nc4 Be6 18. Nb6 Ra5 19. O-O Bb3 20. Bc4 Bxc4 21. Nxc4 Ra7 22. Rfc1 e6 23. Bd6 Rc8 24. Bc5 Ra6 25.
Rxb7 e5 26. Nd6 Nxd4 27. Nxc8 Ne2+ 28. Kf1 Nxc1 29. Ne7+ Kh7 30. e4 Nb3 31. Bb4 Bf8 32. Nd5 Bxb4 33. Nxb4 Rf6 34. f3 Kg7 35. Ke2 Rc6 36. Nxc6 1-0

[Event "*** Titled Tuesday Blitz"]
[Site "Chess.com"]
[Date "2020.12.29"]
[Round "7"]
[White "VladimirBugayev"]
[Black "grandcoach"]
[Result "1-0"]
[WhiteElo "2276"]
[BlackElo "2109"]
[TimeControl "180+1"]
[EndTime "11:16:34 PST"]
[Termination "VladimirBugayev won on time"]

1. e4 c5 2. a3 g6 3. h4 Bg7 4. h5 Nc6 5. Nc3 gxh5 6. Be2 Nf6 7. Bxh5 d6 8. d3 Be6 9. Bf3 Nd4 10. Bh6 Bxh6 11. Rxh6 Qd7 12. Qd2 Rg8 13. O-O-O O-O-O 14. Qf4 Rg6 15. Rxg6 hxg6 16. e5 Nh5 17. Bxh5 gxh5 18. Ne4 Qa4 19. Qd2 Bb3 20. Nc3 Qc6 21. exd6 Rxd6 22. Qg5 Bxc2 23. Qxe7 Re6 24. Qf8+ Re8 25. Qxf7 Bb3 26. Nf3 Ne2+ 27. Nxe2 Rxe2 28. Rd2 Qxf3 29. Qxb3 Re1+ 30. Rd1 Rxd1+ 31. Qxd1 Qxg2 32. Qxh5 Qxf2 33. Qd5 Qd4 34. Qe6+ Kc7 35. Qe7+ Kc6 36. Qe2 Kc7 37. Qc2 a6 38. b4 1-0

[Event "*** Titled Tuesday Blitz"]
[Site "Chess.com"]
[Date "2020.12.29"]
[Round "7"]
[White "ZatonskihAnna"]
[Black "esapunov"]
[Result "0-1"]
[WhiteElo "2478"]
[BlackElo "2699"]
[TimeControl "180+1"]
[EndTime "11:16:35 PST"]
[Termination "esapunov won on time"]

1. e4 c5 2. g3 Nc6 3. Bg2 g6 4. d3 Bg7 5. f4 d6 6. Nf3 b5 7.
O-O Rb8 8. c3 b4 9. Be3 a5 10.
d4 Nf6 11. e5 Ng4 12. Bc1 bxc3 13. bxc3 cxd4 14. cxd4 Qb6 15. h3 Nh6 16. g4 O-O 17.
Kh1 f5 18. g5 Nf7 19. Nc3 e6 20. Rb1 Qa6 21. Rxb8 Nxb8 22. Ba3 Rd8 23. Qb3 Bb7 24. Rb1 Bc6 25. Nb5 a4 26. Qb2 dxe5 27. Nc7 Qd3 28. Nxe6 Rc8 29. Ne1 Bxg2+ 30. Nxg2 exd4 31.
Qxb8 Rxb8 32. Rxb8+ Nd8 33. Rxd8+ Kf7 34. Rd7+ Kxe6 35.
Rd6+ Ke7 36. Bb4 Qb1+ 0-1

[Event "*** Titled Tuesday Blitz"]
[Site "Chess.com"]
[Date "2020.12.29"]
[Round "7"]
[White "kinga2008"]
[Black "Abdimalik_Abdisalimov"]
[Result "0-1"]
[WhiteElo "2161"]
[BlackElo "2424"]
[TimeControl "180+1"]
[EndTime "11:16:35 PST"]
[Termination "Abdimalik_Abdisalimov won by resignation"]

1. e4 e5 2. Nf3 Nc6 3. c3 d5 4. exd5 Qxd5 5. d4 exd4 6. cxd4 Bg4 7. Nc3 Bb4 8. Be3 O-O-O 9. Be2 Nf6 10. O-O Qd7 11.
Ne5 Nxe5 12. dxe5 Qxd1 13. Bxd1 Bxd1 14. Raxd1 Ng4 15. Bf4 Bxc3 16. bxc3 Rxd1 17. Rxd1 Re8 18. Re1 f6 19. e6 Ne5 20. Bxe5 Rxe6 21. f4 fxe5 22.
fxe5 Kd7 23. Kf2 Ra6 24. Re2 Ra3 25. Kf3 Rxc3+ 26. Re3 Rxe3+ 27. Kxe3 Ke6 28. Ke4 c5 29. a4 b6 30. g4 a6 31. h4 b5 32. a5 b4 33. g5 b3 34. Kd3 Kxe5 35. Kc3 c4 36. Kb2 Kd4 0-1

[Event "*** Titled Tuesday Blitz"]
[Site "Chess.com"]
[Date "2020.12.29"]
[Round "7"]
[White "MelihKaanCan"]
[Black "catzapto"]
[Result "1-0"]
[WhiteElo "2325"]
[BlackElo "2122"]
[TimeControl "180+1"]
[EndTime "11:16:36 PST"]
[Termination "MelihKaanCan won by checkmate"]

1. e4 c5 2. Nf3 e6 3. c3 d5 4. e5 d4 5. Bd3 Nc6 6. O-O f6 7.
exf6 Nxf6 8. Re1 Be7 9. cxd4 Nxd4 10. Ne5 O-O 11. Nc3 Bd6 12. Nf3 e5 13. Bc4+ Kh8 14.
Ng5 Ng4 15. Nce4 Bf5 16. d3 Bxe4 17. Qxg4 Nc2 18. Qxe4 g6 19. Qh4 Qe7 20. Bd2 Nxa1 21. Rxa1 Kg7 22. Qxh7+ Kf6 23. Ne4+ Kf5 24. Qh3# 1-0

[Event "*** Titled Tuesday Blitz"]
[Site "Chess.com"]
[Date "2020.12.29"]
[Round "7"]
[White "bocah_sakit"]
[Black "Bigfish1995"]
[Result "0-1"]
[WhiteElo "2831"]
[BlackElo "3015"]
[TimeControl "180+1"]
[EndTime "11:16:37 PST"]
[Termination "Bigfish1995 won by resignation"]

1. e4 c5 2. Nf3 d6 3. d4 cxd4 4. Nxd4 Nf6 5. Nc3 a6 6. Bg5 Nbd7 7. f4 b5 8. Qe2 e5 9. Nf5 h6 10. Bxf6 Nxf6 11. O-O-O Qc7 12. Ne3 Bb7 13. fxe5 dxe5 14. Ned5 Bxd5 15. Nxd5 Nxd5 16. Rxd5 Be7 17. Qg4 O-O 18.
Bd3 Rad8 19. h4 f5 20. Qg6 Rxd5 21. Qe6+ Kh8 22. Qxd5 Rd8 23. Qb3 f4 24. Kb1 Qc6 25.
Qf7 Bf6 26. h5 Qd6 27. a3 Rf8 28. Qg6 b4 29. axb4 Qxb4 30. g3 f3 31. Rf1 f2 32.
Qf5 Be7 33. Qe6 Rb8 34. b3 Bc5 35. Qc4 Qe1+ 36. Ka2 Bd4 37. c3 Qd2+ 38. Ka3 Bxc3 39. Qc7 Qb2+ 0-1

[Event "*** Titled Tuesday Blitz"]
[Site "Chess.com"]
[Date "2020.12.29"]
[Round "7"]
[White "mirochka"]
[Black "zverr1"]
[Result "0-1"]
[WhiteElo "2185"]
[BlackElo "2433"]
[TimeControl "180+1"]
[EndTime "11:16:37 PST"]
[Termination "zverr1 won on time"]

1. e4 e6 2. Nf3 d5 3. e5 c5 4. b4 d4 5. Bb2 Nc6 6. Bb5 Qb6 7. a4 a6 8. Bxc6+ bxc6 9. c3 d3 10. a5 Qb8 11. Na3 Ne7 12. Nc4 Nd5 13. Qa4 Qb5 14. O-O Bd7 15. Qxb5 cxb5 16. Nb6 Nxb6 17. axb6 c4 18. b7 Rb8 19. Rxa6 Be7 20. Nd4 Rxb7 21. Ra8+ Bd8 22. Rfa1 O-O 23. R1a6 Bb6 24. Rxf8+ Kxf8 25. Kf1 f6 26. f4 Ke7 27. Kf2 Bc7 28. Ke3 fxe5 29. fxe5 Bxe5 30. Ra5 Bxh2 31. Ra8 Bg1+ 32. Ke4 Be8 33. Ra5 Bg6+ 34. Kf3 Be8 35. Ke4 h5 36.
Ra6 Bd7 37. Kf3 g5 38. Ke4 g4 39. Kf4 Rb8 40. Kg5 Rg8+ 41. Kxh5 Be8+ 42. Kh4 Bf2+ 43. g3 Bd7 44. Ra7 Be1 45. Kh5 Bxd2 46. Nxb5 Rg5+ 47. Kh4 Rxb5 0-1

[Event "*** Titled Tuesday Blitz"]
[Site "Chess.com"]
[Date "2020.12.29"]
[Round "7"]
[White "Vamostodorecto"]
[Black "Jungle_Jaguar"]
[Result "1-0"]
[WhiteElo "2447"]
[BlackElo "2609"]
[TimeControl "180+1"]
[EndTime "11:16:39 PST"]
[Termination "Vamostodorecto won on time"]

1. d4 Nf6 2. c4 g6 3. Nc3 Bg7 4. e4 d6 5. Be2 O-O 6. Nf3 e5 7. O-O Nc6 8. d5 Ne7 9. Ne1 Nd7 10. Be3 f5 11. f3 f4 12. Bf2 g5 13. Rc1 Nf6 14. c5 Ng6 15. cxd6 cxd6 16. Nb5 a6 17. Nc7 Bd7 18. Nxa8 Qxa8 19. Rc7 Rf7 20. Nd3 Ne8 21. Rc3 h5 22. Qc2 Qd8 23. Rc1 g4 24. Rc8 Qg5 25. Kh1 Bf6 26. Rb8 g3 27. Bg1 Nh4 28. Bf1 b5 29. Nb4 Rg7 30. Rb7 Ng6 31. Nxa6 h4 32.
Rxd7 Rxd7 33. Bxb5 Re7 34. Qc8 h3 35. Qxh3 gxh2 36. Bf2 Rg7 37. Bxe8 Nf8 38. Rc8 Be7 39. Bd7 Kf7 40. Be6+ Kg6 41. Qf5+ 1-0

[Event "*** Titled Tuesday Blitz"]
[Site "Chess.com"]
[Date "2020.12.29"]
[Round "7"]
[White "sotochess"]
[Black "LimeInTheCoconut"]
[Result "1-0"]
[WhiteElo "2530"]
[BlackElo "2364"]
[TimeControl "180+1"]
[EndTime "11:16:39 PST"]
[Termination "sotochess won on time"]

1. e4 e5 2. Nf3 Nc6 3. Bc4 Bc5 4. O-O Nf6 5. d3 O-O 6. c3 d6 7. Bg5 h6 8. Bh4 g5 9. Bg3 Bb6 10. Nbd2 Nh7 11. Bd5 Qf6 12. a4 a6 13. Nc4 Ba7 14.
Ne3 Ne7 15. Ba2 h5 16. h3 c6 17. d4 Ng6 18. Nf5 Bxf5 19. exf5 Qxf5 20. Bb1 e4 21. Bxd6 Rfe8 22. Nd2 Nf6 23. Bh2 Bb8 24. Bxb8 Raxb8 25. f3 Nf4 26. fxe4 Qe6 27. h4 Nh7 28.
hxg5 Ng6 29. Qxh5 Kg7 30. e5 Rh8 31. Ne4 Nhf8 32. Qf3 Rh4 33. Nc5 Qe7 34. Qf5 Rh5 35. Ne4 1-0

[Event "*** Titled Tuesday Blitz"]
[Site "Chess.com"]
[Date "2020.12.29"]
[Round "7"]
[White "peixe64"]
[Black "Vesper2018"]
[Result "0-1"]
[WhiteElo "2447"]
[BlackElo "2627"]
[TimeControl "180+1"]
[EndTime "11:16:40 PST"]
[Termination "Vesper2018 won on time"]

1. e4 c5 2. Nf3 d6 3. d4 cxd4 4. Nxd4 Nf6 5. Nc3 a6 6. Be2 e5 7. Nb3 Be7 8. O-O O-O 9. Qd3 Be6 10. Nd5 Bxd5 11. exd5 Nbd7 12. c4 a5 13. Be3 a4 14.
Nd2 b6 15. b4 Re8 16. Rfd1 e4 17. Qc2 Bf8 18. h3 g6 19. Rac1 Qe7 20. Nb1 Qe5 21. Na3 Nh5 22. Nb5 Rac8 23. Qxa4 Nf4 24. Bf1 Nf6 25. Nd4 N6h5 26. Qc2 Nxd5 27. Qd2 Nxe3 28.
Qxe3 Nf4 29. g3 Bh6 30. Qb3 Nd3 31. Bxd3 Bxc1 32. Be2 e3 0-1

[Event "*** Titled Tuesday Blitz"]
[Site "Chess.com"]
[Date "2020.12.29"]
[Round "7"]
[White "Gulkov_Igor"]
[Black "Matveev_Vladimir"]
[Result "0-1"]
[WhiteElo "2543"]
[BlackElo "2704"]
[TimeControl "180+1"]
[EndTime "11:16:41 PST"]
[Termination "Matveev_Vladimir won by resignation"]

1. Nf3 Nf6 2. c4 g6 3. Nc3 Bg7 4. e4 O-O 5. d4 d6 6. Be2 e5 7.
Be3 exd4 8. Nxd4 Re8 9. f3 c6 10. Qd2 d5 11. exd5 cxd5 12. O-O Nc6 13. Nxc6 bxc6 14. Rad1 Be6 15. cxd5 Nxd5 16. Bd4 Qh4 17. Bxg7 Kxg7 18. Nxd5 Bxd5 19. a3 Rab8 20. b4 Qe7 21.
Qd4+ Qe5 22. Qxe5+ Rxe5 23. Rd2 Re3 24. Ra1 Rc3 25.
Kf2 Be6 26. Bd3 a5 27. bxa5 c5 28. a6 Ra8 29. Bb5 Rb3 30. a4 c4 31. Rc1 c3 32. Rd3 Rc8 33. Kg3 h5 34. h4 Kf6 35.
a7 Ra8 36. Rdxc3 Rxa7 37. Rxb3 Bxb3 38. Ra1 Ra5 39. Kf4 Be6 40. Ke4 Bc8 41. Kd4 Kf5 42.
Kc5 Kf4 43. Kb6 Ra8 44. a5 Kg3 45. Ra2 Be6 46. Rb2 Bd5 47. a6 Kxh4 48. Bc6 Bxc6 0-1

[Event "*** Titled Tuesday Blitz"]
[Site "Chess.com"]
[Date "2020.12.29"]
[Round "7"]
[White "Nafania1"]
[Black "MatyChess1"]
[Result "1-0"]
[WhiteElo "2410"]
[BlackElo "2525"]
[TimeControl "180+1"]
[EndTime "11:16:45 PST"]
[Termination "Nafania1 won by resignation"]

1. e4 c5 2. Nf3 g6 3. c3 Nc6 4. Bb5 Bg7 5. d4 cxd4 6. cxd4 Qb6 7. Nc3 Nf6 8. O-O O-O 9. d5 Nb8 10. Be3 Qa5 11. e5 Ne8 12. Bd4 Nc7 13. a4 Nba6 14. Re1 Ne8 15. Ne4 Qd8 16. d6 b6 17. Qe2 Nb4 18.
Rac1 Bb7 19. Bc3 Nc6 20. h4 h6 21. Bc4 e6 22. Qd2 Rc8 23. Bd3 f5 24. exf6 Nxf6 25. Nxf6+ Bxf6 26. Bxg6 Bxc3 27. Rxc3 Qf6 28. Qxh6 Qg7 29.
Qg5 Nb4 30. Ne5 Rxc3 31. bxc3 Nd5 32. Ng4 Nf4 33. h5 Nxg6 34. hxg6 Kh8 35. Qh4+ Kg8 36.
Nh6+ Kh8 37. Nf5+ Kg8 38. Nxg7 1-0

[Event "*** Titled Tuesday Blitz"]
[Site "Chess.com"]
[Date "2020.12.29"]
[Round "7"]
[White "03revilo"]
[Black "KarstenHansch"]
[Result "0-1"]
[WhiteElo "2293"]
[BlackElo "2449"]
[TimeControl "180+1"]
[EndTime "11:16:46 PST"]
[Termination "KarstenHansch won on time"]

1. c4 e6 2. Nf3 d5 3. e3 Nf6 4. b3 Be7 5. Bb2 O-O 6. Nc3 b6 7. Qc2 Bb7 8. Be2 c5 9. cxd5 exd5 10. d4 Nc6 11. Rd1 Rc8 12. O-O Qc7 13. Nb5 Qb8 14.
dxc5 bxc5 15. Bxf6 Bxf6 16. Qxc5 Nd4 17. Qxf8+ Kxf8 18.
Nbxd4 Qd6 19. Rc1 Qa3 20. Rxc8+ Bxc8 21. Bb5 Bg4 22. Bc6 Bxf3 23. Nxf3 Qc5 24. Ba4 d4 25. exd4 Bxd4 26. Nxd4 Qxd4 27. Re1 g6 28. g3 Kg7 29. Re7 Kf6 30. Re3 Qa1+ 31. Kg2 Qxa2 32. Rf3+ Ke7 33. Re3+ Kf8 34. Bb5 Qa5 35. Re8+ Kg7 36.
Bc4 Qc5 37. Re3 a5 38. Rf3 Qc6 39. g4 a4 40. Kg3 f6 41. Rd3 g5 42. Bd5 Qd6+ 43.
Kg2 axb3 0-1

[Event "*** Titled Tuesday Blitz"]
[Site "Chess.com"]
[Date "2020.12.29"]
[Round "7"]
[White "ckgchess"]
[Black "FairChess_on_YouTube"]
[Result "0-1"]
[WhiteElo "2772"]
[BlackElo "3001"]
[TimeControl "180+1"]
[EndTime "11:16:47 PST"]
[Termination "FairChess_on_YouTube won on time"]

1. e4 c5 2. c3 d5 3. exd5 Qxd5 4. d4 Nf6 5. Nf3 e6 6. Na3 a6 7. Nc4 Nbd7 8. a4 b6 9. a5 b5 10. Ne3 Qc6 11. Be2 Bb7 12. Ne5 Nxe5 13. dxe5 Rd8 14. Qc2 Nd7 15. Bf3 Qc7 16. Bxb7 Qxb7 17. O-O c4 18.
Ng4 h5 19. Bg5 hxg4 20. Bxd8 Kxd8 21. Rad1 Kc8 22. Rfe1 Bc5 23. b3 cxb3 24. Qxb3 Rh5 25. c4 b4 26. Qg3 b3 27. Rd3 Rxe5 28. Rf1 b2 29. Rb3 Bxf2+ 30. Kxf2 Rf5+ 31. Ke2 Qe4+ 32.
Qe3 Qxe3+ 0-1

[Event "*** Titled Tuesday Blitz"]
[Site "Chess.com"]
[Date "2020.12.29"]
[Round "7"]
[White "PowerThinking2650"]
[Black "Efremov_Vlad"]
[Result "1-0"]
[WhiteElo "2428"]
[BlackElo "2271"]
[TimeControl "180+1"]
[EndTime "11:16:47 PST"]
[Termination "PowerThinking2650 won on time"]

1. e4 c5 2. Nf3 e6 3. d4 cxd4 4.
Nxd4 Nc6 5. Nb5 d6 6. c4 a6 7. N5c3 Nf6 8. Be2 Be7 9. O-O O-O 10. Be3 b6 11. Na3 Bb7 12. Rc1 Rc8 13. f3 Ne5 14. Qb3 Ned7 15. Rfd1 Qc7 16. Rd2 Nc5 17. Qd1 Rfd8 18.
Nc2 Ncd7 19. Nd4 Kh8 20. g4 d5 21. g5 dxe4 22. gxf6 Nxf6 23. fxe4 Nxe4 24. Nxe4 Bxe4 25.
Bf3 Bxf3 26. Qxf3 Bc5 27. Rcd1 Bb4 28. Rg2 Rg8 29. b3 Qe5 30. Nc6 Rxc6 31. Qxc6 Qxe3+ 32. Kh1 Bc5 33. Rf1 f5 34. Qd7 f4 35. Rd1 f3 36.
Qxg7+ Rxg7 37. Rd8+ 1-0

[Event "*** Titled Tuesday Blitz"]
[Site "Chess.com"]
[Date "2020.12.29"]
[Round "7"]
[White "Zmeeed63"]
[Black "Kildepiotr"]
[Result "0-1"]
[WhiteElo "2315"]
[BlackElo "2616"]
[TimeControl "180+1"]
[EndTime "11:16:47 PST"]
[Termination "Kildepiotr won on time"]

1. d4 c5 2. d5 e5 3. Nc3 d6 4. e4 Be7 5. Be2 a6 6. Bg4 Nd7 7. Nge2 Bg5 8. a4 Bxc1 9. Qxc1 Ne7 10. O-O O-O 11. Qe3 Ng6 12. b3 Nf6 13. Bxc8 Qxc8 14.
f4 exf4 15. Nxf4 Ne5 16. Nd3 Nfg4 17. Qg3 Qd7 18. Nxc5 Qc7 19. b4 dxc5 20. b5 f6 21.
Ne2 c4 22. h3 Qb6+ 23. Kh1 Ne3 24. Rf3 Nxf3 25. gxf3 axb5 26. Nf4 Rf7 27. Rg1 bxa4 28.
Ne6 g6 29. h4 Rg7 30. h5 g5 31. Nxg7 Kxg7 32. f4 h6 33. fxg5 hxg5 34. e5 Kh6 35. exf6 Qxf6 36. Qxe3 a3 0-1

[Event "*** Titled Tuesday Blitz"]
[Site "Chess.com"]
[Date "2020.12.29"]
[Round "7"]
[White "Siniauski"]
[Black "1f3_2g41-0"]
[Result "1-0"]
[WhiteElo "2590"]
[BlackElo "2427"]
[TimeControl "180+1"]
[EndTime "11:16:49 PST"]
[Termination "Siniauski won by resignation"]

1. e4 c5 2. Nf3 d6 3. Bb5+ Bd7 4. Bxd7+ Qxd7 5. c4 Nf6 6. Nc3 g6 7. d4 cxd4 8. Nxd4 Bg7 9. Be3 O-O 10. f3 Nc6 11.
Nde2 Rac8 12. O-O a6 13. Rc1 Nh5 14. b3 Ne5 15. a4 e6 16. Qd2 f5 17. Rfd1 Rc6 18.
f4 Ng4 19. e5 Qc7 20. exd6 Qd7 21. c5 Rfc8 22. b4 Nxe3 23. Qxe3 a5 24. Nb5 axb4 25.
Na7 Nf6 26. Nxc6 Rxc6 27. Nd4 Rc8 28. Qxe6+ Qxe6 29. Nxe6 Nd7 30. Nxg7 Kxg7 31. Rb1 Rxc5 32. Rxb4 Kf6 33. Rxb7 Ke6 34. Re1+ Kxd6 35. Rd1+ Kc6 36. Rbxd7 Rc4 37. a5 Rxf4 38. a6 Ra4 39. a7 f4 40.
Rxh7 g5 41. h3 Ra2 42. Rd8 Kb6 43. a8=Q Rxa8 44. Rxa8 Kc5 45. Rh5 Kd4 46. Rxg5 Ke3 47. Rg4 Ke4 48. Ra3 Kf5 49. Rf3 Ke4 50. Rgxf4+ Ke5 51. g4 1-0

[Event "*** Titled Tuesday Blitz"]
[Site "Chess.com"]
[Date "2020.12.29"]
[Round "7"]
[White "CHENNAIBOND"]
[Black "Michaelson_11"]
[Result "0-1"]
[WhiteElo "1576"]
[BlackElo "2198"]
[TimeControl "180+1"]
[EndTime "11:16:49 PST"]
[Termination "Michaelson_11 won by resignation"]

1. e4 c5 2. Nf3 Nc6 3. Bb5 g6 4. O-O Bg7 5. Re1 Nf6 6. e5 Nd5 7. Nc3 Nxc3 8. dxc3 O-O 9. Bf4 Qb6 10. Bxc6 Qxc6 11. Qd2 b6 12. Rad1 Rd8 13. Bh6 Bb7 14. Bxg7 Kxg7 15. Qg5 Qe6 16. Nh4 h6 17. Qg3 Kh7 18.
Rd3 f5 19. Red1 Be4 20. R3d2 g5 21. Nf3 f4 22. Nxg5+ hxg5 23. Qxg5 Rg8 24. Qh5+ Qh6 25. Qxh6+ Kxh6 26. f3 Bxf3 27. Rf1 Bc6 28. Rxf4 Raf8 29. Rh4+ Kg5 30. Rh7 Bb5 31. h4+ Kg4 32. Rxe7 Kg3 33. Rd1 Rf2 34. h5 Rxg2+ 35. Kh1 Rh2+ 36. Kg1 Kh3+ 0-1

[Event "*** Titled Tuesday Blitz"]
[Site "Chess.com"]
[Date "2020.12.29"]
[Round "7"]
[White "mbachez"]
[Black "MPGM"]
[Result "0-1"]
[WhiteElo "2549"]
[BlackElo "2710"]
[TimeControl "180+1"]
[EndTime "11:16:50 PST"]
[Termination "MPGM won by checkmate"]

1. e4 c6 2. d4 d5 3. e5 c5 4. Nf3 cxd4 5. Nxd4 Nc6 6. Bb5 Bd7 7. e6 fxe6 8. O-O Nf6 9. Re1 e5 10. Bxc6 bxc6 11.
Rxe5 g6 12. b3 Bg7 13. Ba3 O-O 14. Rxe7 Ne4 15. f3 Ng5 16. Re1 Rf7 17. Bc5 Qf6 18.
Nc3 h5 19. Nde2 Ne6 20. Bf2 h4 21. h3 g5 22. Rb1 Raf8 23. Na4 Qg6 24. Qd3 Qh5 25.
Nd4 Nf4 26. Qd2 Bxh3 27. gxh3 Nxh3+ 28. Kg2 Nxf2 29. Qxf2 Bxd4 30. Qxd4 Rxf3 31. Kh1 Rh3+ 32. Kg2 Rg3+ 33. Kh2 Qf3 34. Rg1 Rh3# 0-1

[Event "*** Titled Tuesday Blitz"]
[Site "Chess.com"]
[Date "2020.12.29"]
[Round "7"]
[White "FishThatRoared"]
[Black "Th3ChessViking"]
[Result "0-1"]
[WhiteElo "2108"]
[BlackElo "2460"]
[TimeControl "180+1"]
[EndTime "11:16:50 PST"]
[Termination "Th3ChessViking won on time"]

1. e4 e6 2. d3 d5 3. Nd2 Nf6 4.
Ngf3 Nc6 5. g3 dxe4 6. dxe4 Bc5 7. Bg2 O-O 8. O-O e5 9. h3 a5 10. c3 b6 11. Nh4 Ba6 12. Re1 Qd3 13. Nb3 Qxg3 14. Nxc5 Qxh4 15. Nxa6 Rxa6 16. Qd3 Raa8 17.
Qb5 Nd8 18. Qxe5 Ne6 19. Qg3 Qxg3 20. fxg3 Rad8 21. Be3 Nd7 22. Bf4 Ndc5 23. Rad1 Na4 24. Rxd8 Rxd8 25. Re2 Rd1+ 26. Kf2 Rb1 27. e5 Nxb2 28.
Be4 Nd1+ 29. Kf3 Rb2 30. Rxb2 Nxb2 31. Bd5 Kf8 32. Ke2 Na4 33. Kd2 Ke7 34. Be3 Nac5 35. h4 Nd7 36. Bd4 c5 37. Be3 Nxe5 0-1

[Event "*** Titled Tuesday Blitz"]
[Site "Chess.com"]
[Date "2020.12.29"]
[Round "7"]
[White "Kosak12"]
[Black "Jospem"]
[Result "0-1"]
[WhiteElo "2769"]
[BlackElo "2982"]
[TimeControl "180+1"]
[EndTime "11:16:51 PST"]
[Termination "Jospem won by resignation"]

1. e4 c5 2. Nf3 d6 3. d4 cxd4 4. Nxd4 a6 5. c4 Nf6 6. Nc3 e6 7. Be2 b6 8. f4 Bb7 9. Qd3 Nbd7 10. b4 Rc8 11. Be3 d5 12. O-O Bxb4 13. exd5 Nc5 14.
Qc2 Bxc3 15. Qxc3 exd5 16. Nf5 O-O 17. Rad1 Re8 18. Bf3 Qd7 19. Bg4 Ne6 20. Bh3 Rxc4 21.
Qa1 Qc7 22. Nxg7 Nxg7 23. Qxf6 Rxe3 24. Rfe1 Rce4 25. Rxe3 Rxe3 26. Bf5 Qe7 27. Bxh7+ Kxh7 28. Qxb6 Re6 29. Qb1+ Rg6 30. h3 d4 31. Rd2 Qe3+ 32.
Rf2 Be4 33. Qf1 Rxg2+ 0-1

[Event "*** Titled Tuesday Blitz"]
[Site "Chess.com"]
[Date "2020.12.29"]
[Round "7"]
[White "SergeyShtyka"]
[Black "GMJustin"]
[Result "1-0"]
[WhiteElo "2454"]
[BlackElo "2300"]
[TimeControl "180+1"]
[EndTime "11:16:51 PST"]
[Termination "SergeyShtyka won on time"]

1. e4 e6 2. Nf3 d5 3. e5 c5 4. b4 cxb4 5. a3 d4 6. Bd3 Nc6 7. O-O Nge7 8. axb4 Nxb4 9. Be4 Nec6 10. Qe2 Bc5 11. c3 d3 12. Qd1 Nd5 13. Bxd3 Nf4 14.
Be4 Nd3 15. Qa4 O-O 16. Ba3 Bxa3 17. Nxa3 Ncxe5 18. Nxe5 Nxe5 19. d4 Bd7 20. Qc2 Ng6 21. Bxb7 Rb8 22. Be4 a5 23. Qd2 a4 24. Rfb1 Qc7 25.
g3 Bc6 26. Bxc6 Qxc6 27. Nc2 Rb3 28. Nb4 Qxc3 29. Qxc3 Rxc3 30. Rxa4 Rc4 31. Ra7 Rxd4 32.
Nc6 Rd2 33. Rbb7 h5 34. h4 Rc2 35. Nd4 Rc1+ 36. Kg2 Ne5 37. Rb5 1-0

[Event "*** Titled Tuesday Blitz"]
[Site "Chess.com"]
[Date "2020.12.29"]
[Round "7"]
[White "olksuna"]
[Black "IMUffeVinther-Schou"]
[Result "1-0"]
[WhiteElo "2646"]
[BlackElo "2406"]
[TimeControl "180+1"]
[EndTime "11:16:52 PST"]
[Termination "olksuna won on time"]

1. e4 c5 2. Nf3 e6 3. c3 Nf6 4. e5 Nd5 5. a3 d6 6. d4 cxd4 7. c4 Nb6 8. Qxd4 Nc6 9. Qc3 dxe5 10. Nxe5 Nxe5 11. Qxe5 Qf6 12. Qxf6 gxf6 13. Be3 Bd7 14.
Nd2 Rc8 15. Be2 Bc5 16. Bxc5 Rxc5 17. b4 Re5 18. f3 Rg8 19. Rg1 Rh5 20. Nf1 Ba4 21.
Kf2 Bb3 22. Rc1 Ke7 23. h3 Rd8 24. c5 Nd5 25. Nd2 Ba4 26. Ne4 Re5 27. Bc4 f5 28. Nd6 Rxd6 29. cxd6+ Kxd6 30. Rge1 f6 31. Re2 Nf4 32.
Rxe5 fxe5 33. h4 a6 34. g3 Nd5 35. h5 h6 36. Bxd5 exd5 37. Rc8 d4 38. Rd8+ Ke6 39. f4 Ke7 40. Rd5 1-0

[Event "*** Titled Tuesday Blitz"]
[Site "Chess.com"]
[Date "2020.12.29"]
[Round "7"]
[White "Grammnik"]
[Black "r31415"]
[Result "1-0"]
[WhiteElo "2338"]
[BlackElo "2486"]
[TimeControl "180+1"]
[EndTime "11:16:53 PST"]
[Termination "Grammnik won on time"]

1. d4 Nf6 2. c4 g6 3. Nc3 d5 4. cxd5 Nxd5 5. e4 Nxc3 6. bxc3 Bg7 7. Nf3 c5 8. Rb1 O-O 9. Be2 Nc6 10. d5 Ne5 11. Nxe5 Bxe5 12. Qd2 e6 13. f4 Bc7 14.
O-O exd5 15. exd5 Ba5 16. f5 Bxf5 17. Rxf5 gxf5 18. Rxb7 Re8 19. Bc4 Qd6 20. Rb5 Bc7 21. g3 f4 22. Qxf4 Re1+ 23. Kf2 Qe7 24. Qg4+ Kh8 25.
Bd2 Rh1 26. Kg2 Ra1 27. Rb7 Re8 28. Kh3 Qd6 29. Bf4 Qf6 30. Rxc7 Rg8 31. Qd7 Qg6 32. Be2 Re1 33. Bf3 Qf6 34. Qxf7 1-0

[Event "*** Titled Tuesday Blitz"]
[Site "Chess.com"]
[Date "2020.12.29"]
[Round "7"]
[White "Spriteball"]
[Black "Das_Virus_2020"]
[Result "1/2-1/2"]
[WhiteElo "2319"]
[BlackElo "2474"]
[TimeControl "180+1"]
[EndTime "11:16:53 PST"]
[Termination "Game drawn by agreement"]

1. c4 Nf6 2. Nc3 g6 3. e4 d6 4. d4 Bg7 5. Nf3 O-O 6. Be2 c5 7. d5 e6 8. O-O exd5 9. exd5 Bg4 10. Bf4 a6 11. h3 Bxf3 12. Bxf3 Qc7 13. Re1 Nbd7 14. Re7 Rfe8 15. Qe2 Bf8 16. Rxe8 Rxe8 17. Qd2 Ne5 18. Be2 Nfd7 19. Re1 Qd8 20. Bf1 f5 21. Kh1 Nf7 22. Rxe8 Qxe8 23. Qe2 Qxe2 24. Bxe2 Bg7 25. Bd2 Bd4 26. f4 Nf6 27. g4 Kf8 28. Kg2 Ke7 29. gxf5 gxf5 30. Bd3 Nh6 31. Kf3 Nd7 32. b3 Kf7 33.
Ne2 Bg7 34. Ng3 Kg6 35. h4 Nf6 36. Ba5 Bf8 37. Bc7 Nh5 38. Bd8 Nxg3 39. Kxg3 Nf7 40. Ba5 h5 41. Bc3 Be7 42. Bb2 1/2-1/2

[Event "*** Titled Tuesday Blitz"]
[Site "Chess.com"]
[Date "2020.12.29"]
[Round "7"]
[White "djano"]
[Black "Xeslu"]
[Result "1-0"]
[WhiteElo "2450"]
[BlackElo "2295"]
[TimeControl "180+1"]
[EndTime "11:16:54 PST"]
[Termination "djano won on time"]

1. e4 c5 2. Nc3 a6 3. f4 b5 4. Nf3 b4 5. Ne2 Bb7 6. Ng3 g6 7. Bc4 Bg7 8. e5 Nh6 9. d4 cxd4 10. Nxd4 Bxg2 11. Rg1 Bb7 12. Nh5 O-O 13. Nxg7 Kxg7 14.
f5 Ng8 15. Qh5 Qc7 16. fxg6 fxg6 17. Bxg8 Rxg8 18. Nf5+ Kh8 19. Nxe7 Be4 20. Qh4 Qxe5 21. Bf4 Qxb2 22. Nxg8 Qxa1+ 23. Kf2 Qg7 24. Bh6 Qd4+ 25. Be3 Qg7 26. Qxe4 Nc6 27. Nh6 Rf8+ 28. Kg2 Ne5 29. Ng4 Nxg4 30. Qxg4 Qe5 31. Bd4 1-0

[Event "*** Titled Tuesday Blitz"]
[Site "Chess.com"]
[Date "2020.12.29"]
[Round "7"]
[White "FMalexhdez"]
[Black "profofchess"]
[Result "0-1"]
[WhiteElo "2270"]
[BlackElo "2403"]
[TimeControl "180+1"]
[EndTime "11:16:54 PST"]
[Termination "profofchess won on time"]

1. e4 e6 2. d4 d5 3. Nd2 Nf6 4. e5 Nfd7 5. f4 c5 6. Ndf3 Nc6 7. Ne2 cxd4 8. Nexd4 Nc5 9. Be2 Bd7 10. O-O Ne4 11. Kh1 Bc5 12. c3 O-O 13. Be3 Bb6 14. Bd3 f6 15. exf6 Qxf6 16. Qe2 Rae8 17. Nxc6 Bxc6 18.
Bxb6 axb6 19. Ne5 Nc5 20. Bc2 Qh6 21. Qg4 Nd7 22. Rae1 Nf6 23. Qf3 Bb5 24. Kg1 Nh5 25. c4 Rxf4 26. Qh3 Rxf1+ 27. Rxf1 Bxc4 28. Nxc4 dxc4 29. Qf3 Nf6 30. Qxb7 Qe3+ 31. Kh1 Qe2 32. Qf3 Qxc2 33.
Re1 Qf5 34. Qc6 Rd8 0-1